 Dungeon Crawl Stone Soup version 0.31.0-11-ge490571c62 (webtiles) character file.

Game seed: 16810982950512753191

102 qw the Shooter (level 4, 0/22 HPs)
             Began as a Spriggan Hunter on Feb 3, 2024.
             Killed from afar by Natasha (8 damage)
             ... with a puff of flame
             ... on level 3 of the Dungeon.
             The game lasted 00:00:04 (1372 turns).

qw the Shooter (Spriggan Hunter)                    Turns: 1372, Time: 00:00:05

Health: 0/22       AC:  2    Str:  7    XL:     4   Next: 50%
Magic:  5/5        EV: 20    Int: 10    God:
Gold:   1311       SH:  0    Dex: 20    Spells: 3/3 levels left

rFire   . . .        a - +0 shortbow
rCold   . . .        (shield currently unavailable)
rNeg    . . .        c - +0 robe
rPois   .            (helmet restricted)
rElec   .            (no cloak)
rCorr   .            (gloves unavailable)
SInv    +            (boots unavailable)
Will    .....        (no amulet)
Stlth   ++           (no ring)
HPRegen 0.23/turn    (no ring)
MPRegen 0.09/turn

%: no passive effects
@: very quick
A: very small, no large weapons, unfitting armour, see invisible, speed 3
a: no special abilities


You were on level 3 of the Dungeon.
You visited 1 branch of the dungeon, and saw 3 of its levels.

You collected 1311 gold pieces.


Innate Abilities, Weirdness & Mutations

You are very small and have problems with some larger weapons.
You are too small for most types of armour.
You have supernaturally acute eyesight. (SInv)
You cover ground extremely quickly. (Speed+++)


   Skills:
 - Level 1.5 Fighting
 - Level 5.1 Ranged Weapons
 + Level 4.8 Dodging
 - Level 1.5 Stealth


You had 3 spell levels left.
You didn't know any spells.
Your spell library was empty.

Inventory:

Hand Weapons
 a - a +0 shortbow (weapon)
Armour
 c - a +0 robe (worn)
Jewellery
 b - a +6 ring of dexterity
Scrolls
 d - a scroll of identify
 e - 4 scrolls of teleportation
Potions
 f - a potion of enlightenment

Dungeon Overview and Level Annotations

Branches:
Dungeon (3/15)

Altars:

Annotations:
D:3 Natasha


Message History

Natasha misses you.
You shoot an arrow. The arrow barely misses Natasha.
The cerulean imp completely misses you. Natasha closely misses you.
You shoot an arrow.
The arrow hits Natasha but does no damage.
Natasha is almost dead.
The cerulean imp closely misses you. Natasha claws you but does no damage.
The cerulean imp misses you. Natasha completely misses you.
You shoot an arrow. The arrow hits Natasha.
You kill Natasha!
Natasha growls in agony!
The cerulean imp disappears in a puff of smoke!
You start resting.
You feel yourself speed up.
HP restored.
You see here the felid corpse of Natasha.
An endoplasm comes into view.
You shoot an arrow. The arrow hits the endoplasm.
You kill the endoplasm!
Natasha, Servant of Life and Death comes into view.
She is carrying a wand of flame.
You shoot an arrow. The arrow closely misses Natasha.
Natasha hisses angrily.
Natasha zaps a wand.
The puff of flame misses you.
You shoot an arrow. The arrow hits Natasha!
Natasha is severely wounded.
Natasha zaps a wand.
The puff of flame hits you.
1366 ||| FLEEEEING.
You start resting.
Natasha is nearby!
You shoot an arrow. The arrow barely misses Natasha.
You shoot an arrow. The arrow hits Natasha.
Natasha is almost dead.
Natasha stares at you and mumbles some strange words.
You easily resist.
Natasha zaps a wand.
The puff of flame hits you!
You shoot an arrow.
The arrow hits Natasha but does no damage.
Natasha is almost dead.
Natasha zaps a wand.
The puff of flame hits you!
You die...
Natasha curls up and begins to purr.

#.# #.............. #.#
#..###.###.....
#.###..###.# ##.#
#..........## #
######.###..#....#
.|................. ##
.####..###..#.#..## #.h
.# #..# #..#.#..# .. .#
#.......%...@##.##.# (#
#..###.......h.....#
.####..##...#.#..##.##.#
#..##(.##.###.#..# .# .#
...##..##.# #..##.##.#
...##..##.# #........#
..........# ##........
...#.#.#..# #..#.####
.......#..###.##........


You could see Natasha.

Vanquished Creatures
  Jessica (D:2)
  Natasha (D:3)
  4 ball pythons
  4 bats
  6 endoplasms
  3 giant cockroaches (D:2)
  A goblin (D:1)
  4 hobgoblins
  6 jackals
  5 kobolds
  2 quokkas (D:2)
  3 frilled lizards (D:2)
  5 rats
45 creatures vanquished.

Notes
Turn   | Place    | Note
-------+----------+-------------------------------------------
     0 | D:1      | qw the Spriggan Hunter began the quest for the Orb.
     0 | D:1      | Reached XP level 1. HP: 10/10 MP: 2/2
     0 | D:1      | 0 ||| qw: Version: 0.3-a-157-g843a77d
     0 | D:1      | 0 ||| qw: Game counter: 3998
     0 | D:1      | 0 ||| qw: Melee chars always use a shield: true
     0 | D:1      | 0 ||| qw: God list: Okawaru
     0 | D:1      | 0 ||| qw: Allow faded altars: false
     0 | D:1      | 0 ||| qw: Do Orc after clearing Dungeon:15 true
     0 | D:1      | 0 ||| qw: Do second Lair branch before Depths: true
     0 | D:1      | 0 ||| qw: Lair rune preference: random
     0 | D:1      | 0 ||| qw: Goals: Normal
     0 | D:1      | 0 ||| PLANNING D:1-11
    23 | D:1      | Reached skill level 3 in Dodging
   119 | D:1      | Reached XP level 2. HP: 6/14 MP: 3/3
   531 | D:1      | 531 ||| READING 3 scrolls labelled BUATOQ HITAYS.
   531 | D:1      | 531 ||| IDENTIFYING metallic inky potion
   532 | D:1      | 532 ||| READING 2 scrolls of identify.
   532 | D:1      | 532 ||| IDENTIFYING 2 scrolls labelled ESOVEE NOLINOTS
   533 | D:1      | 533 ||| DROPPING scroll of butterflies.
   662 | D:2      | Reached XP level 3. HP: 18/18 MP: 4/4
  1134 | D:2      | Noticed Jessica
  1139 | D:2      | Killed Jessica
  1140 | D:2      | Reached skill level 5 in Ranged Weapons
  1140 | D:2      | Reached XP level 4. HP: 22/22 MP: 5/5
  1166 | D:2      | 1166 ||| READING 2 scrolls of identify.
  1166 | D:2      | 1166 ||| IDENTIFYING scroll labelled JOACRAJ UDWIRO
  1166 | D:2      | Identified a scroll of acquirement
  1167 | D:2      | 1167 ||| READING scroll of acquirement.
  1167 | D:2      | 1167 ||| ACQUIRING 1176 gold pieces
  1167 | D:2      | Acquired 1176 gold pieces
  1279 | D:3      | Noticed Natasha
  1300 | D:3      | Killed Natasha
  1363 | D:3      | Noticed Natasha
  1366 | D:3      | 1366 ||| FLEEEEING.
  1372 | D:3      | Killed from afar by Natasha

Levels and vault maps discovered:
D:1:      amcnicky_arrival_feature_with_door, layout_basic,
          grunt_decor_resistance
D:2:      layout_loops_ring, uniq_jessica
D:3:      layout_loops_ring, minmay_fractal_squares_gapless_5, uniq_natasha

Skill      XL: |  1  2  3 |
---------------+----------+-----
Dodging        | 3 4 |  4.8
Ranged Weapons | 5 |  5.1
Fighting       | |  1.5
Stealth        | |  1.5

Action                     |  1- 3 |  4- 6 || total
---------------------------+-------+-------++-------
   Fire: Shortbow          |   117 |    44 ||   161
    Use: Scroll            |     2 |     2 ||     4
 Armour: Robe              |    19 |    11 ||    30
  Dodge: Dodged            |    48 |    37 ||    85

Table legend:
 A = Non-vault XP
 B = Vault XP
 C = Vault XP percentage of total XP
 D = Non-vault monster count
 E = Vault monster count
 F = Vault count percentage of total count
                 A         B        C        D         E       F
            +---------+---------+-------+---------+---------+-------
      Total |      73 |      74 |  50.3 |      43 |       2 |   4.4
            +---------+---------+-------+---------+---------+-------
        D:1 |      29 |       0 |   0.0 |      16 |       0 |   0.0
        D:2 |      34 |      37 |  52.1 |      21 |       1 |   4.5
        D:3 |      10 |      37 |  78.7 |       6 |       1 |  14.3
            +---------+---------+-------+---------+---------+-------
